 Dungeon Crawl Stone Soup version 0.31.0-11-ge490571c62 (webtiles) character file.

Game seed: 16313808121648092315

167 qw the Ducker (level 5, -1/25 HPs)
             Began as a Spriggan Hunter on Feb 4, 2024.
             Slain by an orc
             ... wielding a +0 mace
              (8 damage)
             ... on level 3 of the Dungeon.
             The game lasted 00:00:06 (1514 turns).

qw the Ducker (Spriggan Hunter)                     Turns: 1514, Time: 00:00:07

Health: -1/25      AC:  2    Str:  7    XL:     5   Next: 23%
Magic:  6/6        EV: 21    Int: 11    God:
Gold:   66         SH:  0    Dex: 20    Spells: 4/4 levels left

rFire   . . .        a - +1 shortbow
rCold   . . .        (shield currently unavailable)
rNeg    . . .        c - +0 robe
rPois   .            (helmet restricted)
rElec   .            (no cloak)
rCorr   +            (gloves unavailable)
SInv    +            (boots unavailable)
Will    .....        f - amulet of regeneration
Stlth   ++           e - ring of resist corrosion
HPRegen 1.04/turn    (no ring)
MPRegen 0.10/turn

%: no passive effects
@: very quick
A: very small, no large weapons, unfitting armour, see invisible, speed 3
a: no special abilities


You were on level 3 of the Dungeon.
You visited 1 branch of the dungeon, and saw 3 of its levels.

You collected 66 gold pieces.


Innate Abilities, Weirdness & Mutations

You are very small and have problems with some larger weapons.
You are too small for most types of armour.
You have supernaturally acute eyesight. (SInv)
You cover ground extremely quickly. (Speed+++)


   Skills:
 + Level 1.5 Fighting
 - Level 5.0 Ranged Weapons
 - Level 6.1 Dodging
 - Level 1.5 Stealth


You had 4 spell levels left.
You didn't know any spells.
Your spell library was empty.

Inventory:

Hand Weapons
 a - a +1 shortbow (weapon)
Armour
 c - a +0 robe (worn)
Jewellery
 d - a ring of ice
 e - a ring of resist corrosion (left hand)
 f - an amulet of regeneration (around neck)
 g - a ring of resist corrosion

Dungeon Overview and Level Annotations

Branches:
Dungeon (3/15)

Altars:
Xom


Message History

The centaur hits you. The centaur misses you. The orc misses you.
The centaur completely misses you. x2
You shoot an arrow. The arrow hits the centaur.
The centaur is lightly wounded.
The centaur misses you.
The centaur kicks you but does no damage.
You shoot an arrow. The arrow closely misses the centaur.
The centaur completely misses you. x2; The orc completely misses you.
The centaur hits you. The centaur barely misses you.
You shoot an arrow. The arrow hits the centaur!
The centaur is heavily wounded.
The centaur hits you but does no damage.
The centaur closely misses you. The orc hits you with a +0 mace!
The orc closely misses you.
The centaur hits you but does no damage.
The centaur misses you. The orc hits you with a +0 dagger.
The orc closely misses you.
You shoot an arrow. The arrow hits the centaur!
The centaur is almost dead.
The centaur barely misses you. The centaur misses you. The orc misses you.
The orc hits you with a +0 dagger. The centaur hits you.
The centaur barely misses you.
You shoot an arrow.
The arrow hits the centaur but does no damage.
The centaur is almost dead.
The centaur closely misses you. The centaur completely misses you.
The orc barely misses you. The orc hits you with a +0 dagger.
You shoot an arrow. The arrow hits the centaur!
You kill the centaur!
The orc closely misses you. The orc barely misses you.
Your Dodging skill gained 2 levels and is now at level 6!
You have reached level 5!
You feel clever.
You shoot an arrow. The arrow hits the orc.
The orc is heavily wounded.
The orc closely misses you. The orc hits you with a +0 dagger.
The orc misses you.
You shoot an arrow. The arrow hits the orc.
You kill the orc!
The orc hits you with a +0 mace!
You die...

# # #.#. .#
...
....#.#######
#....>%o@...#
......#o)##.#
.#..# #..<#
... ###.# #
(... ...###
#####


You could see 2 orcs.

Vanquished Creatures
  A centaur (D:3)
  3 adders (D:2)
  A dart slug (D:3)
  3 orcs (D:3)
  7 endoplasms
  2 giant cockroaches (D:2)
  4 goblins
  3 hobgoblins
  4 jackals (D:1)
  3 quokkas (D:1)
  5 ball pythons
  3 bats
  4 frilled lizards
  6 kobolds
  4 rats
53 creatures vanquished.

Notes
Turn   | Place    | Note
-------+----------+-------------------------------------------
     0 | D:1      | qw the Spriggan Hunter began the quest for the Orb.
     0 | D:1      | Reached XP level 1. HP: 10/10 MP: 2/2
     0 | D:1      | 0 ||| qw: Version: 0.3-a-160-g6735b56
     0 | D:1      | 0 ||| qw: Game counter: 5396
     0 | D:1      | 0 ||| qw: Melee chars always use a shield: true
     0 | D:1      | 0 ||| qw: God list: Okawaru
     0 | D:1      | 0 ||| qw: Allow faded altars: false
     0 | D:1      | 0 ||| qw: Do Orc after clearing Dungeon:15 true
     0 | D:1      | 0 ||| qw: Do second Lair branch before Depths: true
     0 | D:1      | 0 ||| qw: Lair rune preference: random
     0 | D:1      | 0 ||| qw: Goals: Normal
     0 | D:1      | 0 ||| PLANNING D:1-11
    96 | D:1      | Reached skill level 3 in Dodging
   156 | D:1      | Reached XP level 2. HP: 14/14 MP: 3/3
   187 | D:1      | Reached skill level 4 in Dodging
   508 | D:1      | You fall into a shaft and drop 1 floor!
   545 | D:2      | Reached XP level 3. HP: 12/18 MP: 4/4
   736 | D:2      | 736 ||| UPGRADING to amulet of regeneration.
   741 | D:2      | 741 ||| UPGRADING to ring of resist corrosion.
   742 | D:2      | 742 ||| READING scroll labelled LIUN DESTRARELLUNAR.
   743 | D:2      | 743 ||| READING scroll labelled EXKUAWKO NUAGU.
   744 | D:2      | 744 ||| READING scroll labelled POOCOXZ CAVAU.
   745 | D:2      | 745 ||| READING scroll labelled TIODUY KIYXKIC.
   746 | D:2      | 746 ||| DROPPING scroll of butterflies.
  1296 | D:2      | Reached XP level 4. HP: 22/22 MP: 5/5
  1451 | D:2      | Found a shimmering altar of Xom.
  1456 | D:2      | 1456 ||| DROPPING amulet of magic regeneration.
  1457 | D:2      | 1457 ||| READING scroll labelled GUSIHEVY UTAIG.
  1457 | D:2      | 1457 ||| IDENTIFYING fizzy clear potion
  1458 | D:2      | 1458 ||| READING scroll labelled NENAIF OKEXTIO.
  1459 | D:2      | 1459 ||| READING scroll labelled BAWKEA DUGIQER.
  1459 | D:2      | 1459 ||| ENCHANTING +0 shortbow.
  1460 | D:2      | 1460 ||| DROPPING potion of lignification.
  1503 | D:3      | Noticed a centaur
  1504 | D:3      | 1504 ||| RETREEEEATING.
  1512 | D:3      | Killed a centaur
  1513 | D:3      | Reached skill level 6 in Dodging
  1513 | D:3      | Reached XP level 5. HP: 8/25 MP: 6/6
  1513 | D:3      | HP: 6/25 [orc/+0 dagger (3)]
  1514 | D:3      | Slain by an orc

Levels and vault maps discovered:
D:1:      dpeg_arrival_castle, layout_basic
D:2:      layout_loops_cross, basic_altar, feat_on_display
D:3:      layout_basic, basic_ecumenical_altar, minmay_goblin_outpost

Skill      XL: |  1  2  3  4 |
---------------+-------------+-----
Dodging        | 3 4 6 |  6.1
Ranged Weapons | 5 |  5.0
Fighting       | |  1.5
Stealth        | |  1.5

Action                     |  1- 3 |  4- 6 || total
---------------------------+-------+-------++-------
   Fire: Shortbow          |   112 |    34 ||   146
    Use: Scroll            |     4 |     3 ||     7
 Armour: Robe              |     7 |    17 ||    24
  Dodge: Dodged            |    23 |    42 ||    65

Table legend:
 A = Non-vault XP
 B = Vault XP
 C = Vault XP percentage of total XP
 D = Non-vault monster count
 E = Vault monster count
 F = Vault count percentage of total count
                 A         B        C        D         E       F
            +---------+---------+-------+---------+---------+-------
      Total |     242 |       0 |   0.0 |      53 |       0 |   0.0
            +---------+---------+-------+---------+---------+-------
        D:1 |      47 |       0 |   0.0 |      28 |       0 |   0.0
        D:2 |      65 |       0 |   0.0 |      19 |       0 |   0.0
        D:3 |     130 |       0 |   0.0 |       6 |       0 |   0.0
            +---------+---------+-------+---------+---------+-------
